General information
- name: BNet
- type: Ladder team game (AT/RT)
- host: Battle.net
- saver: STRASSENJUNGE
map: GoldRush
- players: 8
- length: 24:10
- speed: Fast
- version: 1.24 W3XP
- replay type: Public
» download(297 KB)
Players
team 1 (winner)
SakuraGGL (
purple | 118 APM | 2848 actions | 24:09)
5 Death Knight
3 Death Coil
2 Unholy Aura
5 Lich
3 Frost Nova
2 Frost Armor
5 Dark Ranger
2 Black Arrow
3 Silence
» actions
| Assign group hotkey | 125 | |
| Basic commands | 56 | |
| Build / train | 83 | |
| ESC pressed | 3 | |
| Enter build submenu | 28 | |
| Enter hero's abilities submenu | 17 | |
| Give item / drop item | 2 | |
| Remove unit from queue | 2 | |
| Right click | 1281 | |
| Select / deselect | 254 | |
| Select group hotkey | 889 | |
| Use ability | 108 | |
2848 total
» units
| Acolyte | 20 | |
| Ghoul | 5 | |
| Crypt Fiend | 1 | |
| Frost Wyrm | 7 | |
33 total
» upgrades
| Creature Carapace | 3 | |
| Creature Attack | 2 | |
5 total
» buildings
| Graveyard | 1 | |
| Crypt | 1 | |
| Ziggurat | 8 | |
| Altar of Darkness | 1 | |
| Tomb of Relics | 3 | |
| Nerubian Tower | 2 | |
| Halls of the Dead | 3 | |
| Necropolis | 3 | |
| Spirit Tower | 3 | |
| Black Citadel | 2 | |
| Sacrificial Pit | 1 | |
| Boneyard | 4 | |
32 total
» build order
00:08 Graveyard
00:10 Crypt
00:38 Ziggurat
00:57 Altar of Darkness
01:38 Ziggurat
02:00 Tomb of Relics
02:08 Nerubian Tower
03:04 Halls of the Dead
03:04 Halls of the Dead
03:51 Necropolis
04:58 Spirit Tower
05:02 Ziggurat
06:51 Black Citadel
06:51 Black Citadel
07:13 Sacrificial Pit
07:14 Ziggurat
07:24 Ziggurat
09:02 Necropolis
09:13 Boneyard
09:17 Boneyard
09:19 Boneyard
09:21 Tomb of Relics
10:26 Spirit Tower
11:34 Tomb of Relics
12:25 Ziggurat
12:27 Ziggurat
12:58 Ziggurat
13:29 Boneyard
13:44 Spirit Tower
21:07 Necropolis
21:27 Nerubian Tower
» items
| Rod of Necromancy | 4 | |
| Scroll of Town Portal | 3 | |
| Orb of Corruption | 1 | |
| Potion of Lesser Invulnerability | 1 | |
| Scroll of Healing | 1 | |
| Scroll of Protection | 1 | |
| Scroll of Regeneration | 1 | |
| Staff of Sanctuary | 1 | |
13 total

»
STRASSENJUNGE (
teal | 126 APM | 3049 actions | 24:10)
5 Death Knight
3 Death Coil
2 Unholy Aura
3 Lich
2 Frost Nova
1 Frost Armor
2 Dreadlord
1 Sleep
1 Carrion Swarm
» actions
| Assign group hotkey | 25 | |
| Basic commands | 238 | |
| Build / train | 81 | |
| ESC pressed | 5 | |
| Enter build submenu | 26 | |
| Enter hero's abilities submenu | 11 | |
| Give item / drop item | 1 | |
| Right click | 1222 | |
| Select / deselect | 660 | |
| Select group hotkey | 666 | |
| Use ability | 113 | |
3049 total
» units
| Acolyte | 20 | |
| Ghoul | 4 | |
| Crypt Fiend | 4 | |
| Frost Wyrm | 12 | |
40 total
» upgrades
| Burrow | 1 | |
| Creature Attack | 3 | |
| Web | 1 | |
| Creature Carapace | 3 | |
| Freezing Breath | 1 | |
9 total
» buildings
| Crypt | 1 | |
| Graveyard | 2 | |
| Altar of Darkness | 1 | |
| Ziggurat | 6 | |
| Tomb of Relics | 1 | |
| Necropolis | 4 | |
| Halls of the Dead | 1 | |
| Black Citadel | 1 | |
| Sacrificial Pit | 1 | |
| Boneyard | 2 | |
| Spirit Tower | 1 | |
21 total
» build order
00:06 Crypt
00:20 Graveyard
00:45 Altar of Darkness
00:58 Ziggurat
01:26 Tomb of Relics
02:03 Ziggurat
04:47 Necropolis
05:23 Halls of the Dead
05:39 Ziggurat
07:20 Graveyard
07:24 Necropolis
08:19 Black Citadel
09:08 Ziggurat
09:10 Sacrificial Pit
09:59 Ziggurat
11:17 Boneyard
11:23 Boneyard
12:25 Spirit Tower
14:58 Necropolis
16:22 Ziggurat
22:29 Necropolis
» items
| Rod of Necromancy | 1 | |
| Potion of Healing | 2 | |
| Scroll of Town Portal | 6 | |
| Orb of Corruption | 3 | |
| Potion of Mana | 1 | |
| Scroll of Healing | 2 | |
| Scroll of Protection | 1 | |
16 total

»
timg4strok (
yellow | 103 APM | 2487 actions | 24:09)
5 Death Knight
3 Death Coil
2 Unholy Aura
4 Lich
2 Frost Nova
2 Frost Armor
» actions
| Assign group hotkey | 22 | |
| Basic commands | 60 | |
| Build / train | 64 | |
| ESC pressed | 1 | |
| Enter build submenu | 20 | |
| Enter hero's abilities submenu | 9 | |
| Give item / drop item | 5 | |
| Right click | 1133 | |
| Select / deselect | 303 | |
| Select group hotkey | 795 | |
| Use ability | 75 | |
2487 total
» units
| Acolyte | 10 | |
| Ghoul | 3 | |
| Crypt Fiend | 10 | |
| Frost Wyrm | 7 | |
30 total
» upgrades
| Creature Attack | 3 | |
| Burrow | 1 | |
| Web | 1 | |
| Creature Carapace | 2 | |
| Freezing Breath | 1 | |
8 total
» buildings
| Graveyard | 1 | |
| Crypt | 1 | |
| Ziggurat | 8 | |
| Altar of Darkness | 1 | |
| Tomb of Relics | 1 | |
| Halls of the Dead | 1 | |
| Nerubian Tower | 1 | |
| Black Citadel | 1 | |
| Sacrificial Pit | 1 | |
| Spirit Tower | 1 | |
| Boneyard | 2 | |
| Necropolis | 1 | |
20 total
» build order
00:14 Graveyard
00:16 Crypt
00:45 Ziggurat
01:06 Altar of Darkness
02:16 Ziggurat
02:41 Tomb of Relics
04:14 Halls of the Dead
04:49 Ziggurat
06:11 Nerubian Tower
09:08 Black Citadel
09:10 Sacrificial Pit
10:02 Ziggurat
10:04 Ziggurat
10:52 Spirit Tower
11:59 Boneyard
12:00 Boneyard
12:07 Ziggurat
15:38 Necropolis
19:28 Ziggurat
19:29 Ziggurat
» items
| Rod of Necromancy | 1 | |
| Boots of Speed | 1 | |
| Scroll of Town Portal | 5 | |
| Orb of Corruption | 1 | |
| Lesser Clarity Potion | 1 | |
9 total
xXxSSJGoku_WEED (
blue | 119 APM | 2870 actions | 24:09)
4 Archmage
1 Summon Water Elemental
1 Brilliance Aura
2 Blizzard
1 Blood Mage
1 Flame Strike
» actions
| Assign group hotkey | 31 | |
| Basic commands | 249 | |
| Build / train | 171 | |
| ESC pressed | 14 | |
| Enter build submenu | 66 | |
| Enter hero's abilities submenu | 6 | |
| Right click | 1109 | |
| Select / deselect | 549 | |
| Select group hotkey | 494 | |
| Use ability | 181 | |
2870 total
» units
| Peasant | 38 | |
| Footman | 5 | |
| Siege Engine | 6 | |
| Flying Machine | 3 | |
52 total
» upgrades
| Masonry | 3 | |
| Lumber Harvesting | 2 | |
| Gunpowder | 2 | |
| Plating | 2 | |
| Magic Sentry | 1 | |
| Barrage | 1 | |
| Flak Cannons | 1 | |
12 total
» buildings
| Altar of Kings | 1 | |
| Barracks | 1 | |
| Farm | 11 | |
| Lumber Mill | 2 | |
| Town Hall | 3 | |
| Scout Tower | 98 | |
| Arcane Tower | 10 | |
| Guard Tower | 67 | |
| Arcane Vault | 1 | |
| Keep | 2 | |
| Castle | 2 | |
| Blacksmith | 1 | |
| Arcane Sanctum | 1 | |
| Workshop | 6 | |
206 total
» build order
00:07 Altar of Kings
00:14 Barracks
00:36 Farm
01:07 Farm
01:38 Lumber Mill
01:54 Farm
03:03 Town Hall
03:09 Scout Tower
04:06 Scout Tower
04:09 Farm
04:15 Arcane Tower
04:16 Scout Tower
04:35 Guard Tower
04:37 Scout Tower
04:47 Guard Tower
05:05 Arcane Tower
05:26 Town Hall
05:32 Scout Tower
05:32 Scout Tower
05:54 Scout Tower
05:55 Scout Tower
05:56 Scout Tower
06:10 Arcane Tower
06:10 Arcane Tower
06:30 Arcane Tower
06:31 Guard Tower
06:32 Guard Tower
06:36 Scout Tower
06:36 Scout Tower
06:37 Scout Tower
06:38 Scout Tower
06:39 Scout Tower
06:39 Scout Tower
06:41 Scout Tower
06:41 Scout Tower
06:45 Scout Tower
06:46 Scout Tower
06:47 Scout Tower
06:47 Scout Tower
06:49 Scout Tower
06:49 Scout Tower
06:50 Scout Tower
06:50 Scout Tower
06:51 Scout Tower
07:00 Arcane Vault
07:03 Guard Tower
07:09 Guard Tower
07:09 Guard Tower
07:12 Guard Tower
07:18 Guard Tower
07:26 Guard Tower
07:26 Guard Tower
07:26 Guard Tower
07:26 Guard Tower
07:45 Guard Tower
08:08 Guard Tower
08:08 Guard Tower
08:12 Guard Tower
08:51 Keep
08:51 Keep
08:55 Lumber Mill
09:05 Scout Tower
09:06 Scout Tower
09:06 Scout Tower
09:07 Scout Tower
09:09 Scout Tower
09:10 Scout Tower
09:11 Scout Tower
09:11 Scout Tower
09:40 Guard Tower
09:43 Scout Tower
09:43 Scout Tower
09:44 Scout Tower
10:13 Guard Tower
10:14 Guard Tower
10:14 Guard Tower
10:14 Guard Tower
10:17 Scout Tower
10:17 Scout Tower
10:18 Scout Tower
10:18 Scout Tower
10:19 Scout Tower
10:20 Scout Tower
10:20 Scout Tower
10:21 Scout Tower
10:23 Scout Tower
10:24 Scout Tower
10:25 Scout Tower
10:25 Scout Tower
10:28 Scout Tower
10:29 Scout Tower
10:30 Scout Tower
10:30 Scout Tower
10:31 Scout Tower
10:32 Scout Tower
10:43 Scout Tower
10:44 Scout Tower
10:45 Scout Tower
10:49 Scout Tower
10:50 Scout Tower
10:51 Scout Tower
11:00 Guard Tower
11:00 Guard Tower
11:20 Guard Tower
11:25 Guard Tower
11:25 Guard Tower
11:42 Guard Tower
11:42 Guard Tower
11:48 Guard Tower
11:59 Guard Tower
11:59 Guard Tower
12:02 Guard Tower
12:24 Guard Tower
12:44 Guard Tower
12:44 Guard Tower
13:10 Guard Tower
13:37 Town Hall
13:51 Guard Tower
13:54 Arcane Tower
13:54 Arcane Tower
13:54 Arcane Tower
14:35 Scout Tower
14:35 Scout Tower
14:36 Scout Tower
14:37 Scout Tower
14:38 Scout Tower
14:39 Scout Tower
14:39 Scout Tower
14:39 Scout Tower
14:40 Scout Tower
14:41 Scout Tower
14:41 Scout Tower
14:42 Scout Tower
14:43 Scout Tower
14:43 Scout Tower
14:44 Scout Tower
14:44 Scout Tower
15:15 Scout Tower
15:16 Scout Tower
15:16 Scout Tower
15:17 Scout Tower
15:19 Scout Tower
15:19 Scout Tower
15:20 Scout Tower
15:20 Scout Tower
15:21 Scout Tower
15:21 Scout Tower
15:22 Scout Tower
15:22 Scout Tower
15:25 Castle
15:30 Guard Tower
15:40 Blacksmith
15:46 Arcane Sanctum
15:57 Guard Tower
16:04 Guard Tower
16:05 Guard Tower
16:35 Guard Tower
16:54 Guard Tower
16:54 Guard Tower
17:58 Workshop
18:00 Workshop
18:02 Workshop
18:04 Workshop
18:29 Workshop
18:34 Farm
19:43 Workshop
20:04 Scout Tower
20:05 Scout Tower
20:05 Scout Tower
20:07 Scout Tower
20:07 Scout Tower
20:08 Scout Tower
20:09 Scout Tower
20:10 Scout Tower
20:11 Scout Tower
20:24 Farm
20:25 Farm
20:25 Farm
20:49 Farm
20:50 Farm
20:51 Farm
21:13 Guard Tower
» items
| Scroll of Regeneration | 1 | |
| Lesser Clarity Potion | 1 | |
| Boots of Speed | 2 | |
| Staff of Teleportation | 2 | |
| Tome of Retraining | 2 | |
| Periapt of Vitality | 1 | |
| Circlet of Nobility | 1 | |
10 total
team 2 (loser)
coLa-wHisKy] (
green | 133 APM | 3174 actions | 23:47)
3 Far Seer
1 Feral Spirit
2 Chain Lighting
3 Tauren Chieftain
2 Shockwave
1 Endurance Aura
» actions
| Assign group hotkey | 28 | |
| Basic commands | 40 | |
| Build / train | 58 | |
| Enter build submenu | 19 | |
| Enter hero's abilities submenu | 6 | |
| Remove unit from queue | 2 | |
| Right click | 660 | |
| Select / deselect | 371 | |
| Select group hotkey | 1818 | |
| Use ability | 172 | |
3174 total
» units
| Peon | 6 | |
| Raider | 2 | |
| Kodo Beast | 1 | |
| Troll Batrider | 27 | |
36 total
» upgrades
» buildings
| Stronghold | 2 | |
| Altar of Storms | 1 | |
| Orc Burrow | 7 | |
| Voodoo Lounge | 1 | |
| Beastiary | 5 | |
| War Mill | 1 | |
17 total
» build order
01:19 Stronghold
01:19 Stronghold
01:26 Altar of Storms
01:40 Orc Burrow
02:20 Orc Burrow
02:48 Voodoo Lounge
04:32 Beastiary
06:06 Beastiary
07:10 War Mill
07:13 Orc Burrow
10:10 Orc Burrow
10:13 Orc Burrow
10:58 Beastiary
11:02 Beastiary
11:04 Orc Burrow
11:22 Beastiary
12:06 Orc Burrow
» items
| Rod of Necromancy | 1 | |
| Healing Salve | 1 | |
| Scroll of Speed | 1 | |
| Potion of Healing | 2 | |
| Potion of Mana | 1 | |
| Scroll of Healing | 1 | |
7 total
Firesailor (
red | 90 APM | 2169 actions | 24:08)
4 Mountain King
2 Storm Bolt
2 Bash
3 Paladin
2 Holy Light
1 Divine Shield
3 Blood Mage
2 Banish
1 Flame Strike
» actions
| Assign group hotkey | 39 | |
| Basic commands | 27 | |
| Build / train | 86 | |
| Enter build submenu | 21 | |
| Enter hero's abilities submenu | 10 | |
| Remove unit from queue | 1 | |
| Right click | 747 | |
| Select / deselect | 334 | |
| Select group hotkey | 807 | |
| Use ability | 97 | |
2169 total
» units
| Peasant | 20 | |
| Footman | 14 | |
| Gryphon Rider | 8 | |
| Dragonhawk Rider | 3 | |
45 total
» upgrades
| Defend | 1 | |
| Masonry | 1 | |
| Lumber Harvesting | 1 | |
| Gunpowder | 0 | |
| Swords | 3 | |
| Storm Hammers | 1 | |
| Animal War Training | 1 | |
| Armor | 3 | |
| Cloud | 1 | |
12 total
» buildings
| Altar of Kings | 1 | |
| Barracks | 1 | |
| Farm | 13 | |
| Town Hall | 1 | |
| Keep | 1 | |
| Arcane Vault | 1 | |
| Lumber Mill | 1 | |
| Blacksmith | 1 | |
| Castle | 1 | |
| Gryphon Aviary | 3 | |
24 total
» build order
00:09 Altar of Kings
00:20 Barracks
00:35 Farm
00:36 Farm
01:43 Farm
02:35 Farm
03:58 Town Hall
05:21 Keep
06:13 Arcane Vault
06:16 Lumber Mill
06:24 Farm
06:25 Farm
06:56 Blacksmith
06:58 Farm
06:58 Farm
08:39 Castle
08:47 Gryphon Aviary
08:52 Gryphon Aviary
08:52 Gryphon Aviary
08:58 Farm
08:59 Farm
11:55 Farm
11:56 Farm
11:57 Farm
» items
| Scroll of Regeneration | 6 | |
| Lesser Clarity Potion | 3 | |
| Scroll of Town Portal | 3 | |
| Potion of Healing | 1 | |
13 total
pSyChOaNiMaL (
orange | 167 APM | 4007 actions | 23:56)
5 Death Knight
3 Death Coil
2 Unholy Aura
5 Lich
3 Frost Nova
2 Frost Armor
» actions
| Assign group hotkey | 37 | |
| Basic commands | 1 | |
| Build / train | 93 | |
| ESC pressed | 1 | |
| Enter build submenu | 22 | |
| Enter hero's abilities submenu | 10 | |
| Give item / drop item | 2 | |
| Right click | 1328 | |
| Select / deselect | 346 | |
| Select group hotkey | 2087 | |
| Use ability | 80 | |
4007 total
» units
| Acolyte | 16 | |
| Ghoul | 6 | |
| Crypt Fiend | 13 | |
| Obsidian Statue | 11 | |
46 total
» upgrades
| Web | 1 | |
| Burrow | 1 | |
| Creature Attack | 2 | |
| Creature Carapace | 1 | |
| Destroyer Form | 1 | |
6 total
» buildings
| Graveyard | 1 | |
| Crypt | 1 | |
| Altar of Darkness | 1 | |
| Ziggurat | 11 | |
| Tomb of Relics | 1 | |
| Nerubian Tower | 4 | |
| Necropolis | 1 | |
| Halls of the Dead | 3 | |
| Black Citadel | 2 | |
| Slaughterhouse | 2 | |
| Spirit Tower | 4 | |
31 total
» build order
00:11 Graveyard
00:28 Crypt
00:44 Altar of Darkness
00:58 Ziggurat
01:15 Ziggurat
01:19 Tomb of Relics
02:10 Nerubian Tower
02:10 Nerubian Tower
03:57 Necropolis
04:45 Ziggurat
05:07 Halls of the Dead
05:07 Halls of the Dead
05:54 Ziggurat
07:36 Black Citadel
07:36 Black Citadel
07:46 Ziggurat
07:47 Ziggurat
10:23 Slaughterhouse
10:25 Slaughterhouse
10:34 Nerubian Tower
11:13 Ziggurat
12:24 Ziggurat
13:24 Spirit Tower
13:24 Spirit Tower
15:23 Spirit Tower
15:23 Spirit Tower
22:23 Ziggurat
22:38 Ziggurat
22:39 Ziggurat
» items
| Rod of Necromancy | 3 | |
| Scroll of Town Portal | 2 | |
| Potion of Healing | 2 | |
| Potion of Mana | 1 | |
| Orb of Corruption | 2 | |
10 total
t03w (
pink | 165 APM | 3981 actions | 24:04)
4 Keeper of the Grove
2 Entangling Roots
2 Thorns Aura
» actions
| Assign group hotkey | 37 | |
| Basic commands | 41 | |
| Build / train | 53 | |
| ESC pressed | 1 | |
| Enter build submenu | 18 | |
| Enter hero's abilities submenu | 4 | |
| Remove unit from queue | 2 | |
| Right click | 1419 | |
| Select / deselect | 262 | |
| Select group hotkey | 2083 | |
| Use ability | 61 | |
3981 total
» units
| Wisp | 18 | |
| Huntress | 5 | |
| Druid of the Claw | 3 | |
| Hippogryph | 6 | |
32 total
» upgrades
| Ultravision | 1 | |
| Moon Armor | 1 | |
| Sentinel | 1 | |
| Druid of the Claw Training | 2 | |
| Reinforced Hides | 3 | |
| Upgrade Moon Glaive | 1 | |
| Mark of the Claw | 1 | |
| Strength of the Wild | 1 | |
11 total
» buildings
| Altar of Elders | 1 | |
| Moon Well | 8 | |
| Hunter's Hall | 1 | |
| Ancient of War | 1 | |
| Tree of Ages | 1 | |
| Tree of Eternity | 2 | |
| Ancient of Lore | 2 | |
| Ancient of Wind | 2 | |
| Tree of Life | 1 | |
19 total
» build order
00:05 Altar of Elders
00:17 Moon Well
01:41 Hunter's Hall
01:46 Ancient of War
02:28 Moon Well
03:08 Tree of Ages
04:00 Moon Well
07:14 Tree of Eternity
07:16 Ancient of Lore
07:22 Ancient of Lore
08:48 Tree of Eternity
09:15 Moon Well
09:54 Moon Well
12:28 Moon Well
13:21 Ancient of Wind
13:29 Ancient of Wind
16:07 Moon Well
17:30 Moon Well
17:46 Tree of Life
Chat log
(01:26 / Allies) SakuraGGL: THATS THE WORST BASE IVE SEEN
(01:29 / Allies) SakuraGGL: IN MY LIFE...
(10:31 / Allies) timg4strok: G0LD
(11:26 / All) SakuraGGL: can i get my shop up
(11:29 / All) SakuraGGL: for fuck sake
(22:17 / Allies) xXxSSJGoku_WEED: GOLD ME please
(23:27 / Allies) xXxSSJGoku_WEED: gold me
(23:33 / All) SakuraGGL: keep getting that AM boys